Map: Orbital Shipyard

Players

AxiOm - Winner!

  • Race: Protoss Protoss
  • League: Gold

Javert

  • Race: Zerg Zerg
  • League: Platinum

VOD

Have the link to the VOD?

Description

Time

  • Played on: Aug. 19, 2015, 12:45 a.m.
  • Length: 15:11
Show
View Real Time Build Order
Export as new Build Order

AxiOm Protoss - Winner!

Build Orders: 1 Gate Expand, Zealot Archon 

Get SALT Encoding   

  12  0:01  Probe  
  13  0:13  Pylon  
  13  0:18  Probe  
  14  0:31  Probe (Chrono Boost)  
  15  0:35  Gateway  
  15  0:41  Probe (Chrono Boost)  
  16  0:48  Probe  
  17  0:56  Assimilator  
  17  1:01  Probe  
  17  1:11  Pylon  
  17  1:13  Probe  
  18  1:32  Nexus  
  18  1:42  Cybernetics Core  
  18  1:46  Zealot  
  20  1:48  Probe (Chrono Boost)  
  21  2:00  Probe (Chrono Boost)  
  22  2:07  Probe (Chrono Boost)  
  23  2:17  Zealot  
  23  2:18  Probe (Chrono Boost), Warp Gate  
  26  2:24  Assimilator  
  26  2:28  Pylon  
  26  2:29  Probe (Chrono Boost)  
  27  2:41  Gateway  
  27  2:50  Gateway  
  27  2:52  Probe (Chrono Boost)  
  31  2:58  Sentry  
  31  2:59  Probe (Chrono Boost)  
  31  3:04  Probe (Chrono Boost)  
  33  3:07  Probe (Chrono Boost)  
  33  3:08  Assimilator  
  33  3:23  Twilight Council  
  33  3:25  Probe (Chrono Boost)  
  35  3:29  Probe (Chrono Boost)  
  35  3:30  Assimilator  
  36  3:35  Probe (Chrono Boost)  
  37  3:44  Probe x2 (Chrono Boost)  
  37  3:45  Pylon  
  38  3:56  Probe (Chrono Boost)  
  38  3:57  Probe (Chrono Boost)  
  38  4:00  Dark Shrine  
  40  4:05  Probe  
  40  4:08  Probe  
  40  4:09  Charge (Chrono Boost)  
  42  4:15  Probe (Chrono Boost)  
  42  4:20  Probe (Chrono Boost)  
  42  4:23  Pylon  
  44  4:30  Mothership Core (Chrono Boost), Probe (Chrono Boost)  
  46  4:41  Probe  
  47  4:52  Pylon  
  47  5:01  Probe  
  48  5:12  Nexus  
  48  5:15  Pylon  
  48  5:18  Dark Templar x3  
  49  5:51  Dark Templar  
  49  5:52  Zealot x2  
  51  5:57  Probe (Chrono Boost)  
  51  6:03  Probe (Chrono Boost)  
  53  6:07  Probe (Chrono Boost)  
  53  6:11  Probe (Chrono Boost)  
  55  6:33  Probe x2  
  55  6:37  Dark Templar  
  55  6:42  Gateway  
  55  6:44  Gateway  
  55  6:45  Probe  
  55  6:46  Probe, Gateway  
  55  6:48  Dark Templar, Forge  
  55  6:49  Dark Templar, Forge  
  59  6:55  Probe  
  59  6:56  Assimilator x2  
  59  6:57  Probe  
  59  6:58  Probe  
  62  7:02  Archon  
  62  7:03  Archon  
  62  7:07  Probe (Chrono Boost)  
  63  7:08  Pylon  
  65  7:16  Pylon  
  65  7:17  Probe x2 (Chrono Boost)  
  65  7:18  Pylon  
  65  7:19  Probe (Chrono Boost)  
  65  7:21  Gateway  
  66  7:22  Gateway  
  66  7:25  Gateway x2  
  66  7:28  Gateway  
  66  7:34  Probe x2  
  66  7:35  Gateway  
  68  7:39  Gateway  
  68  7:42  Photon Cannon x2  
  68  7:46  Zealot x4  
  68  7:47  Zealot x2  
  68  7:49  Protoss Ground Weapons Level 1 (Chrono Boost)  
  68  7:50  Protoss Ground Armor Level 1 (Chrono Boost)  
  72  8:07  Probe (Chrono Boost)  
  73  8:17  Dark Templar x4, Probe (Chrono Boost)  
  73  8:18  Dark Templar x2, Probe x2 (Chrono Boost)  
  88  8:21  Archon x2  
  88  8:22  Archon  
  88  8:24  Probe  
  89  8:30  Probe x2  
  91  8:39  Zealot x4  
  91  8:40  Zealot x3  
  105  8:46  Pylon  
  105  8:51  Pylon  
  105  8:54  Pylon  
  105  8:55  Pylon  
  105  8:57  Nexus  
  105  9:01  Pylon  
  105  9:07  Robotics Facility  
  105  9:18  Probe x2, Pylon  
  105  9:20  Dark Templar x2, Pylon  
  105  9:21  Dark Templar x3  
  105  9:24  Sentry, Zealot x2  
  119  9:26  Archon x2  
  119  9:30  Zealot x2  
  125  9:42  Photon Cannon  
  125  9:43  Photon Cannon  
  125  9:46  Photon Cannon  
  125  9:53  Zealot  
  125  9:54  Zealot x4  
  131  10:08  Zealot x4  
  131  10:09  Zealot x2  
  143  10:15  Observer (Chrono Boost)  
  144  10:30  Gateway, Observer (Chrono Boost)  
  144  10:31  Gateway  
  129  10:51  Pylon  
  129  10:53  Dark Templar x2  
  129  10:54  Dark Templar x5  
  129  10:55  Nexus  
  129  10:56  Zealot x2  
  147  10:57  Archon x2  
  147  10:58  Archon  
  147  11:09  Observer (Chrono Boost)  
  148  11:12  Probe x2  
  148  11:16  Probe x2  
  152  11:23  Observer (Chrono Boost)  
  152  11:24  Zealot x3  
  152  11:25  Zealot x3  
  157  11:42  Zealot  
  157  11:43  Zealot x6  
  171  11:54  Protoss Ground Weapons Level 2 (Chrono Boost)  
  171  11:55  Protoss Ground Armor Level 2 (Chrono Boost)  
  171  11:59  Robotics Bay  
  171  12:01  Zealot x4  
  171  12:02  Zealot x2  
  183  12:09  Probe  
  183  12:10  Probe x3, Pylon  
  183  12:12  Pylon  
  183  12:14  Pylon  
  187  12:17  Pylon  
  187  12:20  Pylon  
  164  12:38  Observer  
  158  12:48  Dark Templar x3  
  158  12:49  Dark Templar x2  
  158  12:50  Zealot x7  
  158  12:51  Zealot x3  
  174  12:52  Archon  
  174  12:53  Archon  
  148  13:00  Observer (Chrono Boost)  
  149  13:14  Zealot x4  
  149  13:15  Zealot x4  
  149  13:17  Colossus (Chrono Boost)  
  149  13:19  Mothership Core  
  173  13:29  Sentry x2  
  173  13:30  Zealot x4  
  173  13:31  Zealot  
  187  13:48  Zealot x4  
  191  13:49  Zealot x2  
  199  14:11  Mothership Core (Chrono Boost)  
  193  14:19  Zealot  
  193  14:20  Zealot x2  
  193  14:38  Zealot x5  
  184  14:39  Zealot x5  
  182  14:57  Zealot x2  
  132  15:00  Zealot  
  132  15:01  Zealot x4  
  132  15:02  Zealot x5  
Show
View Real Time Build Order
Export as new Build Order

Javert Zerg 

Build Orders: Hatch First, Lurkers 

Get SALT Encoding   

  12  0:01  Drone  
  13  0:13  Overlord  
  13  0:17  Drone  
  14  0:32  Drone x2  
  16  0:37  Drone  
  17  0:53  Hatchery  
  16  1:05  Drone  
  16  1:08  Extractor  
  16  1:09  Drone x2  
  18  1:24  Drone  
  19  1:26  Spawning Pool  
  19  1:29  Drone  
  19  1:40  Drone  
  20  2:03  Drone x2  
  22  2:12  Overlord  
  22  2:17  Queen x2  
  22  2:18  Metabolic Boost  
  26  2:23  Overlord  
  26  2:27  Zergling x4  
  28  2:37  Drone x2  
  30  2:52  Drone x3  
  30  2:57  Queen  
  35  3:07  Drone x2  
  35  3:08  Drone  
  38  3:24  Drone x3  
  38  3:26  Roach Warren  
  39  3:31  Drone x5  
  44  3:43  Overlord  
  44  3:45  Lair  
  44  4:00  Hatchery  
  43  4:08  Overlord  
  43  4:10  Drone x7  
  43  4:11  Drone x2  
  51  4:22  Evolution Chamber  
  51  4:24  Evolution Chamber  
  49  4:29  Zergling x8  
  53  4:42  Overlord, Extractor  
  52  4:46  Roach x3  
  58  4:56  Drone  
  58  4:58  Spine Crawler  
  58  4:59  Hydralisk Den  
  57  5:02  Extractor  
  57  5:03  Extractor  
  57  5:06  Drone x5  
  57  5:07  Drone  
  61  5:09  Zerg Missile Weapons Level 1  
  61  5:11  Glial Reconstitution  
  61  5:17  Drone x5  
  66  5:21  Overlord  
  66  5:24  Overlord x2  
  66  5:43  Roach  
  66  5:44  Roach x7  
  80  5:52  Overlord  
  80  5:53  Overlord  
  80  5:54  Drone x5  
  82  6:07  Overseer x2  
  74  6:13  Drone x6  
  74  6:16  Queen  
  70  6:26  Overseer  
  67  6:47  Queen x2  
  71  6:58  Hydralisk  
  73  7:07  Overseer  
  73  7:10  Drone x3  
  73  7:11  Drone x6  
  82  7:18  Drone x4  
  82  7:22  Ravager x2  
  88  7:26  Ravager  
  88  7:27  Drone x5  
  94  7:30  Extractor  
  94  7:32  Extractor  
  94  7:33  Drone x2  
  95  7:37  Drone x2  
  77  8:03  Hydralisk  
  77  8:04  Hydralisk x7  
  87  8:16  Roach  
  87  8:17  Roach x5  
  87  8:19  Drone, Lurker Den  
  100  8:27  Drone x2  
  102  8:36  Zerg Missile Weapons Level 2  
  102  8:40  Overlord x3  
  102  8:44  Drone x2, Spine Crawler  
  102  8:45  Drone x3  
  102  8:46  Overseer  
  106  8:50  Hatchery, Extractor  
  106  8:51  Extractor  
  106  8:53  Roach  
  105  8:55  Overlord x2  
  105  8:56  Overlord  
  105  8:57  Drone  
  105  8:58  Zerg Ground Armor Level 1  
  105  9:01  Drone x2  
  108  9:18  Extractor  
  108  9:19  Hatchery  
  108  9:22  Drone x6  
  112  9:30  Roach x6  
  112  9:31  Roach x2  
  128  9:47  Lurker  
  128  9:48  Lurker x5  
  128  9:49  Lurker  
  135  9:55  Roach x3  
  135  9:56  Roach x2  
  135  9:59  Drone x3  
  115  10:09  Roach x12  
  115  10:10  Roach  
  129  10:16  Hydralisk x3  
  135  10:26  Overlord, Spine Crawler  
  135  10:27  Spine Crawler  
  135  10:28  Spine Crawler  
  114  10:47  Hydralisk  
  114  10:48  Spine Crawler  
  115  10:50  Overlord x2  
  115  10:51  Hydralisk x6  
  115  10:52  Hydralisk x2  
  131  11:00  Zerg Ground Armor Level 2  
  131  11:11  Hydralisk x4  
  131  11:12  Hydralisk x3  
  145  11:21  Lurker x2  
  145  11:24  Roach x2  
  145  11:25  Roach x3  
  157  11:34  Overlord  
  157  11:56  Overseer  
  157  12:00  Overlord x3  
  157  12:14  Overlord x2  
  149  12:29  Spine Crawler  
  146  12:30  Spore Crawler, Spine Crawler  
  146  12:31  Spine Crawler  
  146  12:33  Extractor  
  146  12:34  Roach  
  146  12:35  Roach x15  
  162  12:57  Hydralisk  
  162  12:58  Hydralisk x9  
  168  13:07  Infestation Pit  
  167  13:18  Lurker  
  168  13:20  Extractor  
  168  13:21  Lurker  
  168  13:22  Hatchery, Overlord x2  
  168  13:27  Muscular Augments  
  167  13:40  Queen  
  169  13:57  Roach  
  169  13:58  Roach x6  
  168  14:18  Lurker x3  
  168  14:19  Lurker x5  
  168  14:20  Lurker  
Tags
 
Add a new tag
Caveats
  • Supply blocks, unpowered buildings, or Contaminate may cause inaccurate times.
  • Supply counts are checked every 10 seconds.